 Dungeon Crawl Stone Soup version 0.29.0-13-gc9e81de378 (webtiles) character file.

Game seed: 335883737123131466

95 RascalDebosk the Cudgeller (level 4, -4/44 HPs)
             Began as a Troll Gladiator on Sept 8, 2022.
             Killed from afar by Ijyb (12 damage)
             ... with a puff of flame
             ... on level 3 of the Dungeon.
             The game lasted 00:11:31 (1442 turns).

RascalDebosk the Cudgeller (Troll Gladiator)        Turns: 1442, Time: 00:11:31

Health: -4/44      AC:  4    Str: 22    XL:     4   Next: 39%
Magic:  3/3        EV: 10    Int:  6    God:
Gold:   108        SH:  0    Dex: 11    Spells: 3/3 levels left

rFire   . . .      SeeInvis .   b - +0 battleaxe
rCold   . . .      Faith    .   (shield currently unavailable)
rNeg    . . .      Spirit   .   m - +0 robe
rPois   .          Reflect  .   c - +0 hat
rElec   .          Harm     .   (no cloak)
rCorr   .          Rampage  .   (gloves unavailable)
Will    .....                   (boots unavailable)
Stlth   +.........              (no amulet)
HPRegen 0.94/turn               s - ring of flight
MPRegen 0.08/turn               (no ring)

@: flying
A: large, unfitting armour, claws 3, regeneration 1, shaggy fur 1, tough skin 1
a: no special abilities


You were on level 3 of the Dungeon.
You visited 1 branch of the dungeon, and saw 3 of its levels.

You collected 128 gold pieces.
You spent 20 gold pieces at shops.

Inventory:

Hand Weapons
 a - a +0 flail
 b - a +0 battleaxe (weapon)
Missiles
 d - 2 throwing nets (quivered)
 e - a large rock
 g - 3 silver javelins
 i - 6 boomerangs
 l - 9 poisoned darts
Armour
 c - a +0 hat (worn)
 m - a +0 robe (worn)
Jewellery
 s - a ring of flight (left claw)
Scrolls
 f - 4 scrolls of identify {unknown}
 h - 3 scrolls of fog {unknown}
 o - a scroll of vulnerability {unknown}
 t - a scroll of immolation {unknown}
 v - a scroll of magic mapping {unknown}
 x - a scroll of amnesia {unknown}
 y - a scroll of silence {unknown}
Potions
 j - 3 potions of berserk rage {unknown}
 k - a potion of mutation {unknown}
 n - a potion of invisibility {unknown}
 p - a potion of haste {unknown}
 q - 2 potions of resistance {unknown}
 r - a potion of might {unknown}
 u - 2 potions of ambrosia {unknown}
 w - a potion of heal wounds {unknown}


   Skills:
 + Level 2.3 Fighting
 + Level 3.3 Maces & Flails
 + Level 2.5 Throwing
 + Level 3.0 Dodging


You had 3 spell levels left.
You didn't know any spells.
Your spell library was empty.

Dungeon Overview and Level Annotations

Branches:
Dungeon (3/15)

Altars:
Ru

Shops:
D:2 (

Annotations:
D:3 Ijyb


Innate Abilities, Weirdness & Mutations

You are too large for most types of armour.
You have claws for hands.
Your natural rate of healing is unusually fast.
You are covered in fur. (AC +1)
You have tough skin. (AC +1)


Message History

Ijyb closely misses you.
A kobold comes into view. It is wielding a +0 short sword.
Ijyb hits you with a +0 club.
The kobold shouts!
You hit Ijyb but do no damage.
Ijyb is lightly wounded.
Ijyb zaps a wand.
The puff of flame hits you.
You barely miss Ijyb.
Ijyb is lightly wounded.
Ijyb barely misses you. Ijyb hits you with a +0 club!
You hit Ijyb but do no damage.
Ijyb is lightly wounded.
Ijyb zaps a wand.
The puff of flame hits you! Ijyb hits you with a +0 club.
You closely miss Ijyb.
Ijyb is lightly wounded.
Ijyb hits you with a +0 club.
You closely miss Ijyb.
Ijyb is lightly wounded.
Ijyb closely misses you.
Ijyb zaps a wand.
The puff of flame hits you!
* * * LOW HITPOINT WARNING * * *
You closely miss Ijyb.
Ijyb is lightly wounded.
Ijyb hits you with a +0 club.
* * * LOW HITPOINT WARNING * * *
You closely miss Ijyb.
Ijyb is lightly wounded.
Ijyb closely misses you. x2
You hit Ijyb but do no damage.
Ijyb is lightly wounded.
Ijyb hits you with a +0 club.
* * * LOW HITPOINT WARNING * * *
Ijyb hits you with a +0 club.
* * * LOW HITPOINT WARNING * * *
You slash Ijyb!
Ijyb is heavily wounded.
Ijyb closely misses you.
You closely miss Ijyb.
Ijyb is heavily wounded.
Ijyb zaps a wand.
The puff of flame hits you!
You die...

..... ##### # .#
#. .# . ## #.. .#
.. #> #...
##.##....#...#.
#.... .....
.........
#.....####..#
#....###.
#....Kg@.#.#
#....###.
#?....##...##
#........ #####
###..## #....###.
#....###....# ##
#..##........####
#.# #####......#.
#. #........ #.
######... # ##.#


You could see Ijyb and a kobold.

Vanquished Creatures
  4 adders
  3 dart slugs
  An orc (D:2)
  6 ball pythons
  A giant cockroach (D:1)
  9 hobgoblins
  4 jackals (D:1)
  3 kobolds
  3 bats
  5 frilled lizards
  5 goblins
  5 rats
49 creatures vanquished.

Notes
Turn   | Place    | Note
-------+----------+-------------------------------------------
     0 | D:1      | RascalDebosk the Troll Gladiator began the quest for the
                  | Orb.
     0 | D:1      | Reached XP level 1. HP: 19/19 MP: 0/0
   161 | D:1      | Reached XP level 2. HP: 28/28 MP: 1/1
   246 | D:1      | Found a faded altar of an unknown god.
   607 | D:1      | Reached XP level 3. HP: 35/35 MP: 2/2
   742 | D:2      | Identified the +2 pair of gloves "Keicuzxaa" {rElec rN+++
                  | Will+ Str-2}
   864 | D:2      | Found Xeyts's Weapon Emporium.
   871 | D:2      | Bought 4 poisoned darts for 20 gold pieces
  1111 | D:2      | Reached XP level 4. HP: 42/42 MP: 3/3
  1275 | D:3      | Found a sacrificial altar of Ru.
  1423 | D:3      | Noticed Ijyb
  1442 | D:3      | Killed from afar by Ijyb

Illustrated notes

Levels and vault maps discovered:
D:1:      lemuel_arrival_hallway, layout_loops_cross,
          shapermc_ecumenical_altar_rom_forum
D:2:      layout_rooms, serial_shops, nicolae_shop_bloodbath_and_beyond
D:3:      layout_rooms, amcnicky_altar_gilded, uniq_ijyb

Skill      XL: |  1  2  3  4 |
---------------+-------------+-----
Throwing       | 2 |  2.5
Maces & Flails | 3 |  3.3
Fighting       | 2 |  2.3
Dodging        | 3 |  3.0

Action                   |  1- 3 |  4- 6 || total
-------------------------+-------+-------++-------
Melee: Flail             |    70 |       ||    70
       Battleaxe         |    65 |    60 ||   125
Throw: Throwing net      |       |     1 ||     1
 Stab: Sleeping          |     2 |       ||     2
Armor: Robe              |    87 |    26 ||   113
Dodge: Dodged            |   126 |    40 ||   166
